 Dungeon Crawl Stone Soup version 0.31-a0-210-gccc998df9b (webtiles) character file.

Game seed: 18344600970705478113

147 qw the Chopper (level 5, -8/32 HPs)
             Began as a Gargoyle Fighter on June 30, 2023.
             Mangled by an ogre
             ... wielding a +0 giant spiked club
              (21 damage)
             ... on level 4 of the Dungeon.
             The game lasted 00:01:15 (2840 turns).

qw the Chopper (Gargoyle Fighter)                   Turns: 2840, Time: 00:01:15

Health: -8/32      AC: 13    Str: 21    XL:     5   Next: 29%
Magic:  5/5        EV:  8    Int:  9    God:
Gold:   102        SH:  8    Dex:  9    Spells: 4/4 levels left

rFire   . . .        Y - +0 war axe
rCold   . . .        i - +0 kite shield
rNeg    + . .        b - +0 scale mail
rPois   inf          e - +1 helmet
rElec   +            (no cloak)
rCorr   .            (no gloves)
SInv    .            (no boots)
Will    .....        k - amulet of faith Stlth
                     (no ring)
HPRegen 0.25/turn    (no ring)
MPRegen 0.09/turn

%: faith
@: no status effects
A: sickness immunity, AC +4, negative energy resistance 1, electricity
resistance, torment resistance 1, petrification resistance
a: no special abilities


You were on level 4 of the Dungeon.
You visited 1 branch of the dungeon, and saw 4 of its levels.

You collected 102 gold pieces.


Innate Abilities, Weirdness & Mutations

You are immune to sickness and miasma.
Your stone body is resilient. (AC +4)
You are immune to poison.
You resist negative energy. (rN+)
You are resistant to electric shocks. (rElec)
You are resistant to unholy torment.
You are immune to petrification.


   Skills:
 - Level 3.2 Fighting
 - Level 4.4 Axes
 - Level 3.2 Armour
 + Level 4.0 Shields


You had 4 spell levels left.
You didn't know any spells.
Your spell library was empty.

Inventory:

Hand Weapons
 j - a +0 mace
 Y - a +0 war axe (weapon)
Missiles
 l - 4 silver boomerangs (quivered)
Armour
 b - a +0 scale mail (worn)
 e - a +1 helmet (worn)
 i - a +0 kite shield (worn)
Jewellery
 c - a +4 ring of protection
 k - an amulet of faith (around neck)
Scrolls
 f - 3 scrolls of teleportation
 m - a scroll of identify {unknown}
Potions
 a - a potion of berserk rage {unknown}
 d - 2 potions of might
 g - a potion of attraction
 h - a potion of curing

Dungeon Overview and Level Annotations

Branches:
Dungeon (4/15)             Temple (0/1) D:4

Altars:
Ashenzari
Gozag
Zin
Lugonu

Portals:
Abyss: D:3

Annotations:
D:3 2 runed translucent doors


Message History

You closely miss the goblin.
The goblin is moderately wounded.
You closely miss the hound. You hit the goblin.
You kill the goblin!
You block the hound's attack. The goblin hits you but does no damage.
You block the hound's attack.
You barely miss the goblin.
The goblin is moderately wounded.
You closely miss the hound. The hound closely misses you.
You block the goblin's attack. The hound bites you but does no damage.
The goblin hits you with a +0 club.
You closely miss the goblin.
The goblin is moderately wounded.
You hit the hound.
The hound bites you but does no damage. x2; The goblin hits you with a +0 club.
You closely miss the goblin.
The goblin is moderately wounded.
You hit the hound. You block the hound's attack.
The goblin hits you but does no damage. The hound barely misses you.
You closely miss the hound.
The hound is moderately wounded.
You hit the ogre. You hit the goblin but do no damage.
The hound bites you but does no damage. The goblin completely misses you.
The hound misses you.
The ogre hits you with a +0 giant spiked club.
You block the goblin's attack.
You slash the hound!
The hound is heavily wounded.
You hit the ogre. You closely miss the goblin.
The hound bites you but does no damage. x2; The goblin hits you with a +0 club.
The ogre barely misses you.
You closely miss the hound.
The hound is heavily wounded.
You slash the ogre! You closely miss the goblin. The hound barely misses you.
The hound bites you but does no damage. The goblin hits you but does no damage.
The ogre hits you with a +0 giant spiked club!!
Ouch! That really hurt!
You die...

#.. #### #.# ...####.#
# #......########## #.
#...............#
#..#......########.####
#.......## #.....
##......# ######
#.##@### # #ghO.#
......# #......#
#..P>... ...P....#
........## .###....##


You could see an ogre, a hound and a goblin.

Vanquished Creatures
  A hound (D:4)
  Jessica (D:2)
  Robin (D:2)
  An adder (D:2)
  A dart slug (D:4)
  2 orcs (D:4)
  14 endoplasms
  2 giant cockroaches
  10 goblins
  4 hobgoblins
  2 jackals (D:3)
  4 quokkas
  3 ball pythons
  2 bats
  A frilled lizard (D:1)
  7 kobolds
  3 rats
59 creatures vanquished.

Notes
Turn   | Place    | Note
-------+----------+-------------------------------------------
     0 | D:1      | qw the Gargoyle Fighter began the quest for the Orb.
     0 | D:1      | Reached XP level 1. HP: 14/14 MP: 1/1
     0 | D:1      | 0 ||| qw: Version: 0.3-a-26-gee661ec
     0 | D:1      | 0 ||| qw: Game counter: 7273
     0 | D:1      | 0 ||| qw: Melee chars always use a shield: true
     0 | D:1      | 0 ||| qw: God list: Okawaru
     0 | D:1      | 0 ||| qw: Allow faded altars: false
     0 | D:1      | 0 ||| qw: Do Orc after clearing Dungeon:15 true
     0 | D:1      | 0 ||| qw: Do second Lair branch before Depths: true
     0 | D:1      | 0 ||| qw: Lair rune preference: random
     0 | D:1      | 0 ||| qw: Goals: Normal, Zot:1-4, Slime:5, God:TSO, Crypt,
                  | Tomb, Abyss, Pan, Hells, Win
     0 | D:1      | 0 ||| PLANNING D:1-11
   197 | D:1      | Reached XP level 2. HP: 13/19 MP: 2/2
   229 | D:1      | 229 ||| Stepping ~*~*~tactically~*~*~ (stealth).
   329 | D:1      | 329 ||| Stepping ~*~*~tactically~*~*~ (stealth).
   330 | D:1      | 330 ||| DROPPING +0 club.
   565 | D:1      | Reached skill level 3 in Axes
   599 | D:1      | 599 ||| FLEEEEING.
   600 | D:1      | 600 ||| FLEEEEING.
   709 | D:1      | Reached XP level 3. HP: 22/23 MP: 3/3
   990 | D:1      | 990 ||| READING 3 scrolls labelled XIMPEU ROSI.
   991 | D:1      | 991 ||| READING 2 scrolls labelled YFUBRIHURE.
   996 | D:1      | 996 ||| READING scroll labelled UCSOPP NOTO.
   997 | D:1      | 997 ||| DROPPING 2 scrolls of blinking.
  1288 | D:2      | 1288 ||| Stepping ~*~*~tactically~*~*~ (stealth).
  1291 | D:2      | 1291 ||| Stepping ~*~*~tactically~*~*~ (stealth).
  1293 | D:2      | 1293 ||| Stepping ~*~*~tactically~*~*~ (stealth).
  1449 | D:2      | Noticed Jessica
  1453 | D:2      | Killed Jessica
  1453 | D:2      | Noticed Robin
  1454 | D:2      | Reached XP level 4. HP: 28/28 MP: 4/4
  1461 | D:2      | Killed Robin
  1898 | D:2      | 1898 ||| UPGRADING to +1 helmet.
  1903 | D:2      | 1903 ||| DRINKING 2 gluggy clear potions.
  1904 | D:2      | 1904 ||| DRINKING 2 grey potions.
  2077 | D:3      | Found a one-way gate to the infinite horrors of the Abyss.
  2104 | D:3      | Found a glowing silver altar of Zin.
  2105 | D:3      | 2105 ||| Stepping ~*~*~tactically~*~*~ (stealth).
  2106 | D:3      | 2106 ||| Stepping ~*~*~tactically~*~*~ (stealth).
  2189 | D:3      | Found a large runed translucent door.
  2191 | D:3      | Found a large runed translucent door.
  2194 | D:3      | Found a corrupted altar of Lugonu.
  2309 | D:3      | Found an opulent altar of Gozag.
  2312 | D:3      | Found a broken altar of Ashenzari.
  2574 | D:3      | 2574 ||| UPGRADING to +0 kite shield.
  2584 | D:3      | 2584 ||| DROPPING +0 buckler.
  2585 | D:3      | 2585 ||| UPGRADING to amulet of faith.
  2590 | D:3      | 2590 ||| DROPPING +6 ring of intelligence.
  2591 | D:3      | 2591 ||| READING scroll labelled FASSYFF KORROE.
  2635 | D:4      | Reached XP level 5. HP: 32/32 MP: 5/5
  2826 | D:4      | Found a staircase to the Ecumenical Temple.
  2827 | D:4      | 2827 ||| PLANNING TEMPLE
  2832 | D:4      | Noticed an ogre
  2840 | D:4      | Mangled by an ogre

Levels and vault maps discovered:
D:1:      mrwooster_arrival_arrow, layout_basic
D:2:      layout_loops_corners, uniq_robin, uniq_jessica
D:3:      due_chaos_kobolds, layout_loops_ring, lemuel_tele_altar,
          nicolae_overflow_squiral
D:4:      layout_loops_ring, minmay_temple_entry_overgrown,
          gammafunk_ghost_grave

Skill      XL: |  1  2  3  4  5 |
---------------+----------------+-----
Axes           | 2 3 4 |  4.4
Shields        | 4 |  4.0
Fighting       | |  3.2
Armour         | |  3.2

Action                     |  1- 3 |  4- 6 || total
---------------------------+-------+-------++-------
  Melee: War axe           |    95 |    84 ||   179
  Throw: Boomerang         |       |    10 ||    10
    Use: Scroll            |     3 |     1 ||     4
         Potion            |       |     2 ||     2
 Armour: Scale mail        |    46 |    50 ||    96
  Dodge: Dodged            |    39 |    54 ||    93
  Block: Buckler           |    14 |    15 ||    29
         Kite shield       |       |    12 ||    12

Table legend:
 A = Non-vault XP
 B = Vault XP
 C = Vault XP percentage of total XP
 D = Non-vault monster count
 E = Vault monster count
 F = Vault count percentage of total count
                 A         B        C        D         E       F
            +---------+---------+-------+---------+---------+-------
      Total |     140 |      71 |  33.6 |      48 |      11 |  18.6
            +---------+---------+-------+---------+---------+-------
        D:1 |      40 |       0 |   0.0 |      25 |       0 |   0.0
        D:2 |      27 |      71 |  72.4 |       8 |      11 |  57.9
        D:3 |      12 |       0 |   0.0 |       7 |       0 |   0.0
        D:4 |      61 |       0 |   0.0 |       8 |       0 |   0.0
            +---------+---------+-------+---------+---------+-------
